 Dungeon Sprint DCSS version bcrawl-1.31.3 (webtiles) character file.

Game seed: 3554354358580274568

816732 Groucho the Cleaver (level 11, -27/108 HPs)
             Began as a Sand Dwarf Skald on Apr 14, 2021.
             Was the Champion of Cheibriados.
             Annihilated by Saint Roka
             ... wielding a +0 long sword of holy wrath
              (30 damage)
             ... in the Dungeon (Sprint VII: "The Pits").
             The game lasted 00:12:02 (3236 turns).

Groucho the Cleaver (Sand Dwarf Skald)              Turns: 3236, Time: 00:12:03

Health: -27/108    AC: 17    Str: 32    XL:     11   Next: 15%
Magic:  3/23       EV: 26    Int: 31    God:    Cheibriados [******]
Gold:   12         SH:  0    Dex: 25    Spells: 17/26 levels left

rFire    . . .     SeeInvis .   x - +2 war axe (freeze)
rCold    . . .     Gourm    .   (shield restricted)
rNeg     . . .     Faith    .   w - +4 chain mail
rPois    .         Spirit   .   (no helmet)
rElec    .         Reflect  .   y - +0 cloak
rCorr    .         Harm     .   (no gloves)
MR       +....     NoTele   +   (no boots)
Stlth    ..........             (no amulet)
HPRegen  0.28/turn              u - +3 ring of evasion
MPRegen  0.18/turn              v - +3 ring of evasion

@: very slow
A: small, slowness 1, armour attunement
a: Bend Time, Temporal Distortion, Slouch, Step From Time, Renounce Religion


You were in the Dungeon.
You worshipped Cheibriados.
Cheibriados was exalted by your worship.
You were not hungry.

You visited 1 branch You collected 12 gold pieces.

Inventory:

Hand Weapons
 l - a +2 mace
 r - a +0 flail of crushing
 x - a +2 war axe of freezing (weapon)
Missiles
 q - 11 stones (quivered)
Armour
 b - a +0 leather armour
 t - a +2 scale mail of cold resistance
 w - a +4 chain mail (worn)
 y - a +0 cloak (worn)
 B - a +4 scale mail
Jewellery
 u - a +3 ring of evasion (left hand)
 v - a +3 ring of evasion (right hand)
Wands
 c - a wand of flame (8)
Scrolls
 d - a scroll of fear
 m - 2 scrolls of vulnerability
 n - 3 scrolls of remove curse
 o - 5 scrolls of amnesia
 p - a scroll of summoning
Potions
 a - a potion of invisibility
 f - 5 potions of curing
 h - 2 potions of haste
 i - 4 potions of magic
 j - 4 potions of berserk rage
 z - a potion of mutation
 A - 2 potions of agility
Comestibles
 e - 7 rations {!d}


   Skills:
 * Level 13.9 Fighting
 * Level 13.9 Axes
 + Level 10.8 Armour
 + Level 7.8 Dodging
 + Level 8.1 Spellcasting
 + Level 9.1 Charms
 * Level 10.6 Invocations


You had 17 spell levels left.
You knew the following spells:

 Your Spells              Type           Power        Failure   Level  Hunger
a - Infusion              Chrm           ######..     1%          1    None
b - Song of Slaying       Chrm           ######..     1%          2    None
c - Ozocubu's Armour      Chrm/Ice       #####...     1%          3    None
d - Regeneration          Chrm/Necr      #####.....   1%          3    None

Your spell library contained the following spells:

 Spells                   Type           Power        Failure   Level  Hunger
 Swiftness                Chrm/Air       #####...     1%          2    None
 Spectral Weapon          Hex/Chrm       #####...     1%          3    None


Dungeon Overview and Level Annotations

Branches:
Dungeon (1/1)

Altars:
Ashenzari
Cheibriados
Dithmenos
Elyvilon
Fedhas
Gozag
Hepliaklqana
Kikubaaqudgha
Lugonu
Makhleb
Nemelex Xobeh
Okawaru
Qazlal
Ru
Sif Muna
Trog
Uskayaw
Vehumet
Wu Jian
Xom
Yredelemnul
Zin
The Shining One
Beogh
Jiyva

Annotations:
D Saint Roka


Innate Abilities, Weirdness & Mutations

You are small and have problems with some larger weapons.
You cover ground slowly.
Armour does not affect your spellcasting.


Message History

No path to travel!
Okay, then.
You hit Saint Roka but do no damage.
Saint Roka is severely wounded.
Saint Roka hits you with a +0 long sword of holy wrath!
* * * LOW HITPOINT WARNING * * *
No path to travel!
No path to travel!
You hit Saint Roka but do no damage.
Saint Roka is severely wounded.
Saint Roka invokes the aid of Beogh against you.
Beogh smites you!
* * * LOW HITPOINT WARNING * * *
No path to travel!
No path to travel!
Okay, then.
You hit Saint Roka but do no damage.
Saint Roka is severely wounded.
Saint Roka hits you with a +0 long sword of holy wrath!!
You die...

............+
..#..#......#
............#
#####''###### ...##''###
####### ####
...##....##..+...##...##
...##)..##...#..##.)....
...##..##...##..#.).....
...##..#...##...@o...)))
...##..†..##....###†).[.
...##.##..#.......###.†.
#######...+.........## )
#### #....#....####..##
...##..#..##..##..##..+
..[##.###..##)'....'..#
.))####.##..#.##..##..#
..)###..))..'..####...##


You could see Saint Roka.

Vanquished Creatures
  A shadow wraith (D)
  A flayed ghost (D)
  2 unseen horrors (D)
  A lindwurm (D)
  A phantasmal warrior (D)
  2 orc sorcerers (D)
  A cane toad (D)
  A demonic crawler (D)
  An efreet (D)
  Maurice (D)
  A komodo dragon (D)
  A tyrant leech (D)
  Grinder (D)
  A redback (D)
  Edmund (D)
  A crocodile (D)
  A floating eye (D)
  5 orc warriors (D)
  A swamp drake (D)
  5 wolves (D)
  A centaur (D)
  A bullfrog (D)
  A jelly (D)
  A hound (D)
  Crazy Yiuf (D)
  An iron imp (D)
  Terence (D)
  An iguana (D)
  An orc wizard (D)
  2 worker ants (D)
  2 gnolls (D)
  2 adders (D)
  7 orcs (D)
  A bat (D)
  A giant cockroach (D)
  A hobgoblin (D)
  A ball python skeleton (D)
  3 frilled lizards (D)
  A giant cockroach zombie (D)
  A jackal skeleton (D)
  2 kobolds (D)
63 creatures vanquished.

Notes
Turn   | Place    | Note
-------+----------+-------------------------------------------
     0 | D        | Groucho the Sand Dwarf Skald began the quest for the Orb.
     0 | D        | Reached XP level 1. HP: 18/18 MP: 3/3
    42 | D        | Found a bloodstained altar of Trog.
    42 | D        | Found a shimmering blue altar of Sif Muna.
    42 | D        | Found a viscous altar of Jiyva.
    42 | D        | Found a hazy altar of Hepliaklqana.
    42 | D        | Found an opulent altar of Gozag.
    43 | D        | Found a glowing golden altar of the Shining One.
    43 | D        | Found a glowing silver altar of Zin.
    43 | D        | Found a basalt altar of Yredelemnul.
    43 | D        | Found a shimmering altar of Xom.
    43 | D        | Found an ornate altar of the Wu Jian Council.
    43 | D        | Found a sacrificial altar of Ru.
    43 | D        | Found a stormy altar of Qazlal.
    43 | D        | Found an iron altar of Okawaru.
    43 | D        | Found a sparkling altar of Nemelex Xobeh.
    43 | D        | Found a burning altar of Makhleb.
    43 | D        | Found a blossoming altar of Fedhas.
    43 | D        | Found a white marble altar of Elyvilon.
    43 | D        | Found a shadowy altar of Dithmenos.
    43 | D        | Found a snail-covered altar of Cheibriados.
    46 | D        | Found a corrupted altar of Lugonu.
    46 | D        | Found a radiant altar of Vehumet.
    46 | D        | Found a roughly hewn altar of Beogh.
    47 | D        | Found an ancient bone altar of Kikubaaqudgha.
    47 | D        | Found a hide-covered altar of Uskayaw.
    47 | D        | Found a shattered altar of Ashenzari.
    54 | D        | Became a worshipper of Cheibriados the Contemplative
   204 | D        | Reached * piety under Cheibriados
   209 | D        | Noticed a worker ant
   217 | D        | Reached XP level 2. HP: 18/26 MP: 5/5
   221 | D        | Reached ** piety under Cheibriados
   225 | D        | Reached skill level 1 in Invocations
   225 | D        | Reached XP level 3. HP: 18/33 MP: 6/6
   234 | D        | Reached *** piety under Cheibriados
   294 | D        | Noticed a floating eye
   301 | D        | Killed a floating eye
   301 | D        | Reached **** piety under Cheibriados
   302 | D        | Reached skill level 5 in Fighting
   302 | D        | Reached skill level 5 in Axes
   302 | D        | Reached skill level 5 in Armour
   302 | D        | Reached XP level 4. HP: 44/44 MP: 9/9
   302 | D        | Reached XP level 5. HP: 50/50 MP: 10/10
   642 | D        | Noticed Edmund
   664 | D        | Killed Edmund
   664 | D        | Reached ***** piety under Cheibriados
   665 | D        | Reached XP level 6. HP: 34/60 MP: 10/12
   670 | D        | Reached skill level 5 in Charms
   865 | D        | Noticed a flayed ghost
   882 | D        | Killed a flayed ghost
   883 | D        | Reached skill level 5 in Dodging
   883 | D        | Reached skill level 5 in Spellcasting
   883 | D        | Reached XP level 7. HP: 29/70 MP: 12/14
   883 | D        | Reached XP level 8. HP: 33/78 MP: 12/15
  1183 | D        | Noticed Terence
  1187 | D        | Reached ****** piety under Cheibriados
  1189 | D        | Killed Terence
  1197 | D        | Learned a level 2 spell: Song of Slaying
  1201 | D        | Learned a level 3 spell: Ozocubu's Armour
  1205 | D        | Learned a level 3 spell: Regeneration
  1213 | D        | Killed an unseen horror
  1214 | D        | Reached skill level 10 in Fighting
  1214 | D        | Reached skill level 10 in Axes
  2033 | D        | Noticed Maurice
  2033 | D        | Noticed Grinder
  2034 | D        | Noticed an efreet
  2037 | D        | Killed Grinder
  2037 | D        | Killed an efreet
  2038 | D        | Reached XP level 9. HP: 75/89 MP: 4/18
  2057 | D        | Killed Maurice
  2362 | D        | Noticed a phantasmal warrior
  2362 | D        | Noticed a tyrant leech
  2373 | D        | Killed a phantasmal warrior
  2380 | D        | Killed a tyrant leech
  2679 | D        | Noticed a cane toad
  2685 | D        | Killed a cane toad
  2686 | D        | Reached XP level 10. HP: 97/97 MP: 20/20
  2730 | D        | Noticed a lindwurm
  2733 | D        | Killed a lindwurm
  2858 | D        | Noticed a demonic crawler
  2858 | D        | Noticed Crazy Yiuf
  2869 | D        | Killed a demonic crawler
  2870 | D        | Reached skill level 10 in Armour
  2873 | D        | Killed Crazy Yiuf
  2875 | D        | Killed a shadow wraith
  2988 | D        | Reached skill level 10 in Invocations
  3024 | D        | Killed an unseen horror
  3220 | D        | Noticed Saint Roka
  3221 | D        | Noticed an orc sorcerer
  3221 | D        | Noticed an orc sorcerer
  3223 | D        | Killed an orc sorcerer
  3223 | D        | Killed an orc sorcerer
  3224 | D        | Reached XP level 11. HP: 96/108 MP: 11/23
  3235 | D        | HP: 3/108 [Saint Roka/divine providence (11)]
  3236 | D        | Annihilated by Saint Roka

Skill      XL: |  1  2  3  4  5  6  7  8  9 10 |
---------------+-------------------------------+-----
Fighting       | 3 4 5 7 9 11 12 13 | 13.9
Axes           | 3 4 5 7 9 11 12 13 | 13.9
Armour         | 2 3 5 7 8 9 10 | 10.8
Dodging        | 2 3 4 5 6 7 |  7.8
Invocations    | 1 2 3 6 7 8 10 | 10.6
Spellcasting   | 3 4 5 6 8 |  8.1
Charms         | 4 6 7 9 |  9.1

Action                   |  1- 3 |  4- 6 |  7- 9 | 10-12 || total
-------------------------+-------+-------+-------+-------++-------
Melee: Hand axe          |    35 |    49 |     9 |       ||    93
       War axe           |     1 |       |    19 |    64 ||    84
 Cast: Ozocubu's Armour  |       |       |     2 |       ||     2
       Song of Slaying   |       |       |     1 |       ||     1
Invok: Slouch            |       |       |     8 |     9 ||    17
Evoke: Wand              |       |       |     1 |       ||     1
  Use: Potion            |     1 |     3 |     4 |     3 ||    11
       Scroll            |       |       |     1 |       ||     1
 Stab: Invisible         |       |     3 |       |       ||     3
       Sleeping          |       |     1 |     1 |       ||     2
  Eat: Chunk             |       |     1 |       |       ||     1
       Ration            |       |       |     1 |     1 ||     2
Armor: Leather armour    |     5 |     4 |       |       ||     9
       Chain mail        |       |       |     6 |    71 ||    77
Dodge: Dodged            |    28 |    32 |    24 |    74 ||   158
